 Dungeon Crawl Stone Soup version 0.29.1-1-gd02db6906a (webtiles) character file.

Game seed: 17542975415568487365

1808 sankara the Cudgeller (level 8, -4/64 HPs)
             Began as a Demonspawn Fighter on Oct 20, 2022.
             Was a Priest of Makhleb.
             Slain by an orc warrior
             ... wielding a +0 halberd
              (8 damage)
             ... on level 7 of the Dungeon.
             The game lasted 00:14:40 (7509 turns).

sankara the Cudgeller (Demonspawn Fighter)          Turns: 7509, Time: 00:14:42

Health: -4/64      AC: 12    Str: 18    XL:     8   Next: 84%
Magic:  9/9        EV: 11    Int:  9    God:    Makhleb [***...]
Gold:   410        SH:  6    Dex: 14    Spells: 7/7 levels left

rFire   + . .      SeeInvis .   a - +0 flail
rCold   . . .      Faith    .   c - +1 buckler
rNeg    . . .      Spirit   .   h - +0 chain mail
rPois   .          Reflect  .   (helmet restricted)
rElec   .          Harm     .   (no cloak)
rCorr   .          Rampage  .   (no gloves)
Will    .....                   (no boots)
Stlth   ..........              (no amulet)
HPRegen 0.20/turn               i - +4 ring of evasion
MPRegen 0.11/turn               p - ring of protection from fire

@: no status effects
A: horns 1, icy blue scales 1, powered by death 1, spiny 1
a: Renounce Religion, Minor Destruction, Lesser Servant of Makhleb


You were on level 7 of the Dungeon.
You worshipped Makhleb.
Makhleb was most pleased with you.
You visited 2 branches of the dungeon, and saw 8 of its levels.
You also visited: Sewer and Ossuary.

You collected 410 gold pieces.

Inventory:

Hand Weapons
 a - a +0 flail (weapon)
 o - a +0 sling
Missiles
 b - 12 poisoned darts
 f - 57 stones (quivered)
 g - 11 boomerangs
 m - a throwing net
 v - 2 boomerangs of dispersal
Armour
 c - a +1 buckler (worn)
 h - a +0 chain mail (worn)
Jewellery
 i - a +4 ring of evasion (left hand)
 p - a ring of protection from fire (right hand)
 q - a ring of fire
Wands
 d - a wand of paralysis (9)
 t - a wand of flame (11)
 u - a wand of mindburst (16)
Scrolls
 s - 2 scrolls of teleportation
 w - a scroll of magic mapping
 A - a scroll of enchant armour
Potions
 e - 4 potions of flight
 j - 2 potions of haste
 k - 3 potions of resistance
 l - 5 potions of brilliance
 n - 2 potions of curing
 r - 3 potions of mutation
 x - 2 potions of magic
 z - 2 potions of heal wounds
 B - 2 potions of attraction
 C - a potion of berserk rage {unknown}
 D - a potion of lignification {unknown}
 E - a potion of invisibility {unknown}


   Skills:
 + Level 6.1 Fighting
 * Level 7.2 Maces & Flails
 + Level 5.5 Armour
 - Level 4.0 Shields
 + Level 2.4 Invocations


You had 7 spell levels left.
You didn't know any spells.
Your spell library contained the following spells:

 Spells                   Type           Power      Damage    Failure   Level
 Freeze                   Ice            0%         1d3       99%         1
 Call Canine Familiar     Summ           0%         N/A       100%        3
 Dazzling Flash           Conj/Hex       0%         N/A       100%        3
 Frozen Ramparts          Ice            0%         1d1       100%        3
 Portal Projectile        Hex/Tloc       0%         N/A       100%        3
 Hailstorm                Conj/Ice       0%         3d3       100%        4
 Iskenderun's Mystic Bla  Conj/Tloc      0%         2d3       100%        4
 Leda's Liquefaction      Hex/Erth       0%         N/A       100%        4
 Passage of Golubria      Tloc           0%         N/A       100%        4
 Silence                  Hex/Air        0%         N/A       100%        5
 Starburst                Conj/Fire      0%         6d3       100%        6
 Lehudib's Crystal Spear  Conj/Erth      0%         10d2      100%        8


Dungeon Overview and Level Annotations

Branches:
Dungeon (7/15)             Temple (1/1) D:4           Sewer (visited)
Ossuary (visited)

Altars:
Cheibriados
Dithmenos
Fedhas
Gozag
Hepliaklqana
Makhleb
Nemelex Xobeh
Okawaru
Qazlal
Ru
Trog
Uskayaw
Vehumet
Yredelemnul

Shops:
D:5 ?

Annotations:
D:3 exclusion: oklob plant


Innate Abilities, Weirdness & Mutations

You have a pair of small horns on your head.
You are partially covered in icy blue scales. (AC +2)
You regenerate a little health from kills.
You are partially covered in sharp spines.


Message History

The black bear growls angrily.
The orc shouts!
You hear a loud, deep croak!
An orc warrior comes into view. It is wielding a +0 halberd.
The orc priest begins to cast a cantrip, but forgets the words!
The black bear moves out of view.
An orc comes into view. It is wielding a +0 dagger.
The orc shouts!
The orc moves out of view.
You hit the orc priest. You headbutt the orc priest.
The orc priest is lightly wounded.
The boulder beetle curls into a ball and begins rolling!
The orc priest hits you with a +0 short sword.
A water moccasin comes into view.
The orc priest is struck by your spines.
The orc priest misses you.
The orc priest attacks as you move away!
The orc priest barely misses you.
The orc priest attacks as you move away!
The orc priest is struck by your spines.
The orc priest hits you but does no damage.
The orc priest mumbles some strange prayers to Beogh against you.
Beogh smites you!
You closely miss the orc.
A demon appears!
The orc is struck by your spines. The orc hits you but does no damage.
Unknown command.
Your neqoxec barely misses the orc.
You hit the orc. You headbutt the orc.
You kill the orc!
Makhleb accepts your kill.
You swap places.
The boulder beetle bites you!! The orc warrior barely misses you.
You see here a +0 whip.
You hit the orc warrior. Your headbutt misses the orc warrior.
The orc warrior is lightly wounded.
The boulder beetle is struck by your spines.
The boulder beetle bites you!!
* * * LOW HITPOINT WARNING * * *
The orc warrior is struck by your spines.
The orc warrior hits you with a +0 halberd!
You die...

## # .### ##..
...### ##..
##...## ##...
...#..# #..#
...##.## ##o##
...##..#
#oBo#########
...###.##
##@#..o......#
#### #..#
#.3#.#o......# #
##.##
##.##.#....>..#
#..#
#..##B#........
##.##
##.###.#........
#..# #..#
#.#o##..##>
##.#+#.## #.#h#
..# #..#..#
.#.#. #:#
##.#.## . . ...


You could see a boulder beetle (ally target), an orc warrior, an orc priest, an
orc and a friendly neqoxec (summoned).

Vanquished Creatures
  Grinder (D:3)
  An orc warrior (D:5)
  An ice beast (D:6)
  Pargi (Sewer)
  A sky beast (D:5)
  A black bear (D:4)
  2 centaurs
  A phantom (D:6)
  A bullfrog (D:6)
  A necrophage (D:6)
  2 scorpions
  4 killer bees (D:6)
  A howler monkey (D:6)
  A centaur zombie (Ossuary)
  2 orc priests
  An orc wizard (D:6)
  Ijyb (D:3)
  4 mummies (Ossuary)
  4 gnolls (D:6)
  6 adders
  3 shadow imps
  3 white imps
  An ufetubus (D:6)
  2 worms
  A dart slug (D:1)
  15 orcs
  4 endoplasms (D:1)
  5 giant cockroaches
  A gnoll zombie (Ossuary)
  6 goblins
  4 hobgoblins
  7 jackals
  8 quokkas
  9 ball pythons
  3 bats
  4 frilled lizards
  A goblin zombie (Ossuary)
  A hobgoblin zombie (Ossuary)
  12 kobolds
  2 kobold zombies (Ossuary)
  2 orc zombies (Ossuary)
  10 rats
141 creatures vanquished.

Vanquished Creatures (collateral kills)
  An orc wizard (D:6)
1 creature vanquished.

Vanquished Creatures (others)
  2 demonic plants (D:1)
  3 withered plants (D:1)
5 creatures vanquished.

Grand Total: 147 creatures vanquished

Notes
Turn   | Place    | Note
-------+----------+-------------------------------------------
     0 | D:1      | sankara the Demonspawn Fighter began the quest for the Orb.
     0 | D:1      | Reached XP level 1. HP: 18/18 MP: 1/1
   147 | D:1      | Reached skill level 2 in Maces & Flails
   251 | D:1      | Gained mutation: You are partially covered in icy blue
                  | scales. (AC +2) [demonic ancestry]
   251 | D:1      | Reached XP level 2. HP: 19/24 MP: 2/2
   897 | D:1      | Found a faded altar of an unknown god.
  1011 | D:1      | Reached XP level 3. HP: 29/29 MP: 3/3
  1419 | D:2      | Found a burning altar of Makhleb.
  1454 | D:2      | Became a worshipper of Makhleb the Destroyer
  1990 | D:3      | Noticed Grinder
  2009 | D:3      | Killed Grinder
  2010 | D:3      | Reached skill level 3 in Maces & Flails
  2010 | D:3      | Gained mutation: You regenerate a little health from kills.
                  | [demonic ancestry]
  2010 | D:3      | Reached XP level 4. HP: 10/37 MP: 4/4
  2010 | D:3      | Gained mutation: You have a pair of small horns on your
                  | head. [demonic ancestry]
  2010 | D:3      | Reached XP level 5. HP: 11/42 MP: 5/5
  2238 | D:3      | Noticed Ijyb
  2245 | D:3      | Paralysed by Ijyb for 2 turns
  2248 | D:3      | Killed Ijyb
  2249 | D:3      | Reached XP level 6. HP: 40/48 MP: 6/6
  2441 | D:3      | Reached * piety under Makhleb
  2492 | D:3      | Found a sacrificial altar of Ru.
  2565 | D:3      | Found a blossoming altar of Fedhas.
  2585 | D:3      | Noticed an oklob plant
  2808 | D:3      | Reached skill level 4 in Maces & Flails
  3431 | D:4      | Found a glowing drain.
  3462 | Sewer    | Entered a sewer
  3519 | Sewer    | Noticed Pargi
  3536 | Sewer    | Killed Pargi
  4042 | D:4      | Gained mutation: You are partially covered in sharp spines.
                  | [demonic ancestry]
  4042 | D:4      | Reached XP level 7. HP: 55/55 MP: 7/7
  4095 | D:4      | Reached ** piety under Makhleb
  4229 | D:4      | Found a staircase to the Ecumenical Temple.
  4262 | Temple   | Entered the Ecumenical Temple
  4707 | D:5      | Entered Level 5 of the Dungeon
  4866 | D:5      | Found a sand-covered staircase.
  4872 | Ossuary  | Entered an ossuary
  4963 | Ossuary  | Reached skill level 5 in Maces & Flails
  5252 | D:5      | Found Mahoy's Magic Scroll Emporium.
  5472 | D:5      | Found a snail-covered altar of Cheibriados.
  5787 | D:6      | Reached skill level 5 in Fighting
  5908 | D:6      | Reached XP level 8. HP: 62/62 MP: 8/8
  5928 | D:6      | Reached skill level 6 in Maces & Flails
  5982 | D:6      | Reached skill level 5 in Armour
  6284 | D:6      | Found a sparkling altar of Nemelex Xobeh.
  6368 | D:5      | Reached *** piety under Makhleb
  6410 | D:5      | Reached skill level 1 in Invocations
  6961 | D:6      | Reached skill level 7 in Maces & Flails
  7495 | D:7      | Noticed a boulder beetle
  7509 | D:7      | Slain by an orc warrior

Illustrated notes

Levels and vault maps discovered:
D:1:      lemuel_arrival_hallway, layout_basic, shapermc_ecumenical_altar_gd,
          minmay_misc_feat_encased
D:2:      layout_basic, basic_altar
D:3:      layout_loops_ring, zin_scriptorium, tgw_fedhas,
          mainiacjoe_overflow_24_doors, hex_medium, uniq_ijyb, uniq_grinder
D:4:      layout_loops_ring, lemuel_temple_firewalk_b, portal_sewer_entry_f
D:5:      layout_basic, mainiacjoe_overflow_small_starburst,
          nicolae_ossuary_entry_plus, serial_shops, shop,
          chequers_hall_statues_y
D:6:      layout_cave_pods, nemelex_diamond_rough_becter, item_on_display_a
D:7:      minmay_the_grid_four_pointed_star
          [minmay_the_grid_triangle_9x9_subtriangle,
          minmay_the_grid_triangle_9x9_warning,
          minmay_the_grid_triangle_9x9_skeleton,
          minmay_the_grid_triangle_9x9_intruding_spiral,
          minmay_the_grid_prize_trominoes], layout_basic,
          lemuel_mausoleum_altar_kikubaaqudgha, st_stairs_10,
          amcnicky_mini_corridor_feature
Temple:   jpeg_temple_clearing

Skill      XL: |  1  2  3  4  5  6  7  8 |
---------------+-------------------------+-----
Maces & Flails | 2 3 4 5 7 |  7.2
Shields        | 3 4 |  4.0
Armour         | 3 4 5 |  5.5
Fighting       | 4 5 6 |  6.1
Invocations    | 2 |  2.4

Action                   |  1- 3 |  4- 6 |  7- 9 || total
-------------------------+-------+-------+-------++-------
Melee: Flail             |   145 |   125 |   172 ||   442
       Headbutt          |       |    17 |    48 ||    65
Invok: Lesser Servant of |       |       |     2 ||     2
  Use: Potion            |     1 |     1 |     1 ||     3
       Scroll            |       |     7 |     9 ||    16
Armor: Scale mail        |    15 |       |       ||    15
       Chain mail        |    64 |    72 |    81 ||   217
Dodge: Dodged            |    70 |    51 |    79 ||   200
Block: Buckler           |    38 |    41 |    59 ||   138
